 Dungeon Crawl Stone Soup version 0.31-a0-1074-g0b22e4e0f1 (webtiles) character file.

Game seed: 1119657669730864680

1 DApurpleWHUMPUS the Sneak (level 1, 16/16 HPs)
             Began as a Vampire Brigand on Nov 27, 2023.
             Safely got out of the dungeon.
             The game lasted 00:01:25 (190 turns).

DApurpleWHUMPUS the Sneak (Vampire Brigand)          Turns: 190, Time: 00:01:25

Health: 16/16      AC:  3    Str: 10    XL:     1   Next: 16%
Magic:  1/1        EV: 12    Int: 13    God:
Gold:   0          SH:  0    Dex: 15    Spells: 0/0 levels left

rFire   . . .        a - +2 dagger
rCold   . . .        (no shield)
rNeg    . . .        b - +0 robe
rPois   .            (no helmet)
rElec   .            c - +0 cloak
rCorr   .            (no gloves)
SInv    +            (no boots)
Will    .....        (no amulet)
Stlth   +++          (no ring)
HPRegen 0.42/turn    (no ring)
MPRegen 0.07/turn

%: no passive effects
@: healing quickly
A: alive, fangs 3, see invisible, vampiric 1
a: Exsanguinate


You escaped.
You visited 1 branch of the dungeon, and saw 1 of its levels.

Inventory:

Hand Weapons
 a - a +2 dagger (weapon)
Missiles
 d - 7 poisoned darts (quivered)
 e - 3 curare-tipped darts
Armour
 b - a +0 robe (worn)
 c - a +0 cloak (worn)
Potions
 f - a potion of curing {unknown}


   Skills:
 + Level 1.8 Fighting
 + Level 2.2 Short Blades
 + Level 1.5 Throwing
 + Level 1.1 Dodging
 + Level 5.8 Stealth


You couldn't memorise any spells.
You didn't know any spells.
Your spell library contained the following spells:

 Spells                   Type           Power      Damage    Failure   Level
 Frozen Ramparts          Ice            0%         1d1       67%         3
 Petrify                  Tmut/Erth      0%         N/A       97%         4
 Metabolic Englaciation   Hex/Ice        0%         N/A       100%        5


Dungeon Overview and Level Annotations

Branches:
Dungeon (1/15)

Altars:


Innate Abilities, Weirdness & Mutations

Your natural rate of healing is accelerated.
You have razor-sharp teeth.
You have supernaturally acute eyesight. (SInv)
You are afflicted with vampirism.


Message History

You pick up a book of Sloth and begin reading...
You add the spells Frozen Ramparts, Petrify and Metabolic Englaciation to your library.
f - a fizzy emerald potion A giant cockroach comes into view.
A giant cockroach is nearby!
The giant cockroach closely misses you.
You closely miss the giant cockroach. The giant cockroach barely misses you.
You hit the giant cockroach but do no damage.
Your bite misses the giant cockroach. The giant cockroach bites you.
You hit the giant cockroach.
The giant cockroach is moderately wounded.
The giant cockroach bites you but does no damage.
You hit the giant cockroach.
The giant cockroach is almost dead.
The giant cockroach bites you but does no damage.
You throw a poisoned dart.
The poisoned dart closely misses the giant cockroach.
The giant cockroach misses you.
You throw a poisoned dart.
The poisoned dart closely misses the giant cockroach.
The giant cockroach bites you but does no damage. x2
You hit the giant cockroach.
You kill the giant cockroach!
Welcome back, DApurpleWHUMPUS the Vampire Brigand.
Press ? for a list of commands and other information.
Welcome back, DApurpleWHUMPUS the Vampire Brigand.
Press ? for a list of commands and other information.
Welcome back, DApurpleWHUMPUS the Vampire Brigand.
Press ? for a list of commands and other information.
Unknown command.
Okay, then.
Okay, then.
There is a staircase leading out of the dungeon here.
You can't go down here!
Unknown command.
Alright, then stay!
Unknown command.
You can't go down here!
You can't go down here!
You have escaped!

#.......≈.≈)≈.≈.≈.≈.≈.≈.##
#.####..≈.≈≈≈.≈.≈.≈≈≈.≈...
###.####..≈..>..≈.≈..>..≈.#
#.........≈≈≈.≈≈≈.≈≈≈.≈≈≈.#.
#.#.#.......≈.≈.....≈.≈.....
#.#.#.##..≈≈≈.≈≈≈≈≈≈≈.≈≈≈.#
#.#.#.##..≈......>......≈.#
#.#.#.##..≈.≈≈≈≈≈.≈≈≈≈≈.≈.#
#.........≈@≈...≈.≈...≈.≈.#
#####.###.≈≈≈.≈≈≈.≈≈≈.≈≈≈.#
#.###.)..>≈.....≈>....#
#.....≈≈≈.≈≈≈.≈≈≈.≈≈≈.#
####..≈.≈...≈.≈...≈.≈.#
#####...≈.≈≈≈≈≈.≈≈≈≈≈.≈.#
........................
###.......##...........#
#.........##..[....###.


There were no monsters in sight!

Vanquished Creatures
  A giant cockroach (D:1)
1 creature vanquished.

Notes
Turn   | Place    | Note
-------+----------+-------------------------------------------
     0 | D:1      | DApurpleWHUMPUS the Vampire Brigand began the quest for the
                  | Orb.
     0 | D:1      | Reached XP level 1. HP: 16/16 MP: 1/1
   190 | D:$      | Safely got out of the dungeon.

Illustrated notes

Levels and vault maps discovered:
D:1:      evilmike_arrival_hilbert_curve, layout_loops_corners,
          hangedman_decor_clover_reticule, chequers_serial_rivers_micro_a

Action                     || total
---------------------------++-------
  Melee: Dagger            ||     5
  Throw: Dart              ||     2
 Armour: Robe              ||     5
  Dodge: Dodged            ||     3

Table legend: (Time is in decaauts)
 A = Elapsed time spent in this place.
 B = Non-inter-level travel time spent in this place.
 C = Inter-level travel time spent in this place.
 D = Time resting spent in this place.
 E = Time spent auto-exploring this place.
 F = Levels seen in this place.
 G = Mean time per level.
                   A        B        C        D        E       F      G
               +--------+--------+--------+--------+--------+-----+--------+
         Total |    189 |    122 |     67 |      0 |    106 |   1 |  189.0 |
       Dungeon |    189 |    122 |     67 |      0 |    106 |   1 |  189.0 |
               +--------+--------+--------+--------+--------+-----+--------+

Top non-repeatable levels by time:
     D:1: 189 daAuts
